 Dungeon Crawl Stone Soup version 0.31-a0-740-g87205ac768 (webtiles) character file.

Game seed: 9542312902368230033

50815 IHitMyHead the Severer (level 14, -28/130 HPs)
             Began as a Minotaur Fighter on Sept 11, 2023.
             Was a High Priest of Trog.
             Annihilated by a rockslime (43 damage)
             ... on level 1 of the Pits of Slime on Sept 12, 2023.
             The game lasted 01:26:24 (14520 turns).

IHitMyHead the Severer (Minotaur Fighter)          Turns: 14520, Time: 01:26:24

Health: -28/130    AC:  5    Str: 22    XL:     14   Next: 21%
Magic:  13/13      EV: 11    Int:  3    God:    Trog [*****.]
Gold:   1366       SH: 13    Dex: 12    Spells: 13/13 levels left

rFire   . . .        a - +4 war axe (elec)
rCold   . . .        c - +1 buckler
rNeg    . . .        t - +0 chain mail of Xirifak {Will- Regen+ rCorr Int-4}
rPois   .            (helmet restricted)
rElec   .            H - +0 cloak {Will+}
rCorr   +            k - +2 pair of gloves
SInv    .            E - +2 pair of boots
Will    +....        A - amulet of reflection Stlth
                     f - +4 ring of protection
HPRegen 1.21/turn    m - +4 ring of slaying
MPRegen 0.13/turn

%: reflection
@: corroded
A: horns 2, retaliatory headbutt
a: Renounce Religion, Berserk, Trog's Hand, Brothers in Arms


You were on level 1 of the Pits of Slime.
You worshipped Trog.
Trog was extremely pleased with you.
You visited 5 branches of the dungeon, and saw 19 of its levels.

You collected 1903 gold pieces.
You spent 328 gold pieces at shops.
You paid 209 gold pieces to Gozag.

Inventory:

Hand Weapons
 a - a +4 war axe of electrocution (weapon)
 p - a +3 broad axe
 F - a +3 trident of freezing
 L - a +2 vampiric halberd
 M - a +2 whip of electrocution
Missiles
 g - 20 poisoned darts (quivered)
 i - 2 throwing nets
 K - 2 curare-tipped darts
Armour
 c - a +1 buckler (worn)
 k - a +2 pair of gloves (worn)
 t - the +0 chain mail of Xirifak (worn) {Will- Regen+ rCorr Int-4}
   (You found it on level 4 of the Dungeon)

   Int-4:     It affects your intelligence (-4).
   Will-:     It decreases your willpower.
   Regen+:    It increases your rate of health regeneration.
   rCorr:     It protects you from acid and corrosion.
 E - a +2 pair of boots (worn)
 H - a +0 cloak of willpower (worn)
 Y - a +0 plate armour
Jewellery
 f - a +4 ring of protection (left hand)
 m - a +4 ring of slaying (right hand)
 v - a ring of fire
 A - an amulet of reflection (around neck)
 J - a ring of positive energy
 O - a ring of poison resistance
 T - a +6 ring of dexterity
Talismans
 W - a dragon-blood talisman
Wands
 j - a wand of quicksilver (24)
 o - a wand of mindburst (9)
 B - a wand of flame (16)
 G - a wand of charming (23)
 Z - a wand of roots (8)
Scrolls
 d - a scroll of immolation
 q - a scroll of poison
 r - 2 scrolls of torment
 w - 7 scrolls of teleportation
 y - a scroll of silence
 D - 5 scrolls of identify
 Q - 2 scrolls of vulnerability
 S - a scroll of summoning
 V - a scroll of amnesia
Potions
 b - 5 potions of lignification
 e - 2 potions of degeneration
 h - a potion of cancellation
 l - 2 potions of haste
 n - a potion of berserk rage
 s - 2 potions of magic {unknown}
 x - a potion of heal wounds
 z - 2 potions of enlightenment
 C - a potion of mutation
 I - a potion of brilliance
 N - a potion of attraction
 P - a potion of resistance {unknown}
 R - 3 potions of ambrosia
Miscellaneous
 u - a lightning rod (3/4)


   Skills:
 + Level 13.7 Fighting
 + Level 17.7 Axes
 + Level 2.2 Throwing
 + Level 12.4 Armour
 + Level 6.5 Dodging
 + Level 2.7 Stealth
 + Level 14.4 Shields
 + Level 0.9 Evocations


You had 13 spell levels left.
You didn't know any spells.
Your spell library contained the following spells:

 Spells                   Type           Power      Damage    Failure   Level
 Apportation              Tloc           0%         N/A       96%         1
 Necrotise                Necr           0%         1d4       96%         1
 Sandblast                Erth           0%         2d4       96%         1
 Summon Small Mammal      Summ           0%         N/A       96%         1
 Cigotuvi's Dreadful Rot  Necr/Pois/Air  0%         N/A       99%         2
 Passwall                 Tmut/Erth      0%         N/A       99%         2
 Ignite Poison            Fire/Tmut/Pois 0%         N/A       100%        3
 Stone Arrow              Conj/Erth      0%         3d7       100%        3
 Summon Guardian Golem    Hex/Summ       0%         N/A       100%        3
 Tukima's Dance           Hex            0%         N/A       100%        3
 Animate Armour           Summ/Erth      0%         N/A       100%        4
 Cause Fear               Hex            0%         N/A       100%        4
 Passage of Golubria      Tloc           0%         N/A       100%        4
 Summon Lightning Spire   Summ/Air       0%         N/A       100%        4
 Fireball                 Conj/Fire      0%         3d3       100%        5
 Freezing Cloud           Conj/Ice/Air   0%         6-21      100%        5
 Lee's Rapid Deconstruct  Erth           0%         3d4*      100%        5
 Yara's Violent Unravell  Hex/Tmut       0%         3d3       100%        5
 Orb of Destruction       Conj           0%         9d5       100%        7
 Spellforged Servitor     Conj/Summ      0%         N/A       100%        7
 Dragon's Call            Summ           0%         N/A       100%        9


Dungeon Overview and Level Annotations

Branches:
Dungeon (10/15)            Temple (1/1) D:6            Lair (5/5) D:10
  Swamp (0/4) Lair:2        Snake (1/4) Lair:2        Slime (2/5) Lair:4
    Orc: D:9-12

Altars:
Ashenzari
Cheibriados
Dithmenos
Elyvilon
Fedhas
Gozag
Hepliaklqana
Kikubaaqudgha
Makhleb
Nemelex Xobeh
Okawaru
Qazlal
Ru
Sif Muna
Trog
Uskayaw
Vehumet
Wu Jian
Xom
Yredelemnul
Zin
The Shining One
Jiyva

Shops:
D:5 [   D:7 :?[

Portals:
Trove: D:10 (give 4 scrolls of blinking)

Annotations:
Lair:1 exclusion: oklob plant


Innate Abilities, Weirdness & Mutations

You have a pair of horns on your head.
You reflexively headbutt those who attack you in melee.


Message History

The slime creature completely misses you.
You block the slime creature's attack. x2
The azure jelly hits you but does no damage.
You block the azure jelly's attack. x2
The azure jelly hits you but does no damage.
As you read the scroll of teleportation, it crumbles to dust.
You feel strangely unstable.
The slime creature hits you but does no damage.
You block the slime creature's attack. You block the azure jelly's attack.
The azure jelly hits you but does no damage. x2
The azure jelly barely misses you. The slime creature hits you!
* * * LOW HITPOINT WARNING * * *
The azure jelly attacks as it pursues you!
You block the azure jelly's attack. x2
The azure jelly hits you but does no damage. x2
Two slime creatures merge to form a large slime creature.
The azure jelly hits you but does no damage.
You block the azure jelly's attack.
The azure jelly hits you but does no damage.
You block the azure jelly's attack.
Your surroundings suddenly seem different.
Acid dripping from the walls corrodes you.
A rockslime comes into view.
Aiming: Thunderbolt
Press: ? - help, Q - select action, (/) - cycle Shift-Dir - straight line, f - rockslime
Aim: a rockslime The thunderbolt hits the rockslime but does no damage.
Aiming: Throw Flame
Press: ? - help, Q - select action, (/) - cycle Shift-Dir - straight line, f/p - rockslime
Aim: a rockslime (100% to hit)
The puff of flame hits the rockslime but does no damage.
The rockslime barely misses you. You furiously retaliate!
You headbutt the rockslime, but do no damage.
The rockslime hits you!!
* * * LOW HITPOINT WARNING * * *
You hold your ground!
You hit the rockslime but do no damage.
You headbutt the rockslime, but do no damage.
The rockslime hits you!!!
You die...

. ##
....##.##
.......@#
......J##
..#....
.......
.......
......#
......
.^....


You could see a rockslime.

Vanquished Creatures
  2 acid blobs (Slime:1)
  The ghost of Sundig the Fighter, a journeyman DgFi (Lair:1)
  A catoblepas (Lair:1)
  A hydra (Lair:4)
  An anaconda (Snake:1)
  A merfolk avatar (Lair:5)
  9 death yaks
  2 boulder beetles
  2 two-headed ogres
  A shock serpent (Snake:1)
  Urug (Lair:4)
  A skyshark (Lair:4)
  Pikel (D:9)
  A harpy (Lair:5)
  A salamander (Lair:2)
  2 manticores (Lair:5)
  9 elephants
  8 black mambas
  A gargoyle (D:10)
  16 cane toads
  5 rime drakes
  10 komodo dragons
  A troll (D:9)
  A wind drake (Lair:5)
  7 polar bears
  A queen bee (Lair:1)
  A hornet (Lair:1)
  7 blink frogs
  5 dream sheep (Lair:5)
  Grinder (D:4)
  9 slime creatures (Slime:1)
  A snapping turtle (Lair:5)
  A wraith (D:10)
  8 wyverns
  31 yaks
  4 basilisks
  3 steam dragons
  An acid dragon (D:10)
  18 water moccasins
  An orc warrior (D:9)
  2 black bears
  A sky beast (D:7)
  An ice beast (D:5)
  A centaur (D:6)
  An ogre (D:6)
  7 wolves
  2 lemures (D:9)
  2 kobold brigands (D:8)
  A gnoll sergeant (D:9)
  16 bullfrogs
  3 jellies
  3 scorpions
  10 wights
  10 killer bees
  8 howler monkeys
  4 electric eels
  2 lava snakes (Lair:2)
  4 hounds
  2 gnoll boudas (D:8)
  6 iguanas
  3 orc priests
  Crazy Yiuf (D:6)
  2 sleepcaps (D:6)
  Natasha (thrice) (D:2)
  2 orc wizards
  5 hell rats (Lair:2)
  10 gnolls
  10 adders
  A worm (D:2)
  2 dart slugs
  21 orcs
  8 bats
  3 endoplasms
  2 giant cockroaches
  8 hobgoblins
  19 kobolds
  3 quokkas
  6 ball pythons
  6 frilled lizards
  9 goblins
  2 rats (D:1)
  A spectral goblin (D:3)
391 creatures vanquished.

Vanquished Creatures (collateral kills)
  An endoplasm (D:1)
  A goblin (D:1)
  A hobgoblin (D:1)
3 creatures vanquished.

Grand Total: 394 creatures vanquished

Notes
Turn   | Place    | Note
-------+----------+-------------------------------------------
     0 | D:1      | IHitMyHead the Minotaur Fighter began the quest for the
                  | Orb.
     0 | D:1      | Reached XP level 1. HP: 19/19 MP: 0/0
   123 | D:1      | Reached XP level 2. HP: 27/27 MP: 1/1
   637 | D:2      | Reached XP level 3. HP: 33/33 MP: 2/2
   648 | D:2      | Reached skill level 3 in Axes
   747 | D:2      | Reached XP level 4. HP: 40/40 MP: 3/3
   813 | D:2      | Noticed Natasha
   827 | D:2      | Killed Natasha
   828 | D:2      | Reached skill level 4 in Axes
  1010 | D:2      | Noticed Natasha
  1019 | D:2      | Killed Natasha
  1020 | D:2      | Reached XP level 5. HP: 29/47 MP: 4/4
  1070 | D:2      | Noticed Natasha
  1077 | D:2      | Killed Natasha
  1242 | D:3      | Reached skill level 1 in Dodging
  1401 | D:3      | Found a faded altar of an unknown god.
  1504 | D:3      | Found a bloodstained altar of Trog.
  1634 | D:3      | Reached skill level 5 in Axes
  1634 | D:3      | Reached XP level 6. HP: 32/55 MP: 5/5
  1649 | D:3      | Found a radiant altar of Vehumet.
  1874 | D:3      | Identified the +10 dagger of Prudence {spect, rC++}
  2008 | D:3      | Became a worshipper of Trog the Wrathful
  2047 | D:4      | Identified the +0 chain mail of Xirifak {Will- Regen+ rCorr
                  | Int-4}
  2228 | D:4      | Identified the +11 dagger "Ruski" {freeze, Contam rC+++
                  | Str-2 SInv}
  2401 | D:4      | Noticed Grinder
  2403 | D:4      | Paralysed by Grinder for 2 turns
  2416 | D:4      | Killed Grinder
  2417 | D:4      | Reached skill level 5 in Fighting
  2417 | D:4      | Reached skill level 6 in Axes
  2417 | D:4      | Reached skill level 1 in Stealth
  2417 | D:4      | Reached XP level 7. HP: 61/61 MP: 6/6
  2569 | D:5      | Entered Level 5 of the Dungeon
  2569 | D:5      | Found a snail-covered altar of Cheibriados.
  2671 | D:5      | Reached skill level 7 in Axes
  2671 | D:5      | Reached skill level 5 in Armour
  2672 | D:5      | Reached skill level 5 in Shields
  2741 | D:5      | Reached * piety under Trog
  2761 | D:5      | Reached skill level 1 in Throwing
  2761 | D:5      | Reached XP level 8. HP: 58/70 MP: 7/7
  2837 | D:5      | Reached skill level 8 in Axes
  3065 | D:5      | Found Todd's Armour Emporium.
  3077 | D:5      | Bought a +2 pair of boots for 214 gold pieces
  3422 | D:6      | Reached skill level 9 in Axes
  3695 | D:6      | Found a staircase to the Ecumenical Temple.
  3705 | Temple   | Entered the Ecumenical Temple
  3835 | D:6      | Found a runed translucent door.
  3836 | D:6      | Noticed Crazy Yiuf
  3842 | D:6      | Killed Crazy Yiuf
  4125 | D:6      | You fall into a shaft and drop 1 floor!
  4157 | D:7      | Reached skill level 10 in Axes
  4163 | D:7      | Found Nuysch's Magic Scroll Emporium.
  4175 | D:7      | Reached XP level 9. HP: 75/75 MP: 8/8
  4209 | D:7      | Bought a scroll of brand weapon for 114 gold pieces
  4315 | D:7      | Found a sparkling altar of Nemelex Xobeh.
  4317 | D:7      | Found a blossoming altar of Fedhas.
  4329 | D:7      | Found a glowing silver altar of Zin.
  4329 | D:7      | Found an opulent altar of Gozag.
  4331 | D:7      | Found a shimmering altar of Xom.
  4331 | D:7      | Found a glowing golden altar of the Shining One.
  4332 | D:7      | Found a burning altar of Makhleb.
  4344 | D:7      | Fell from the grace of Trog
  4344 | D:7      | Became a worshipper of Gozag Ym Sagoz the Greedy
  4358 | D:7      | Found Daytuode's Book Emporium.
  4444 | D:7      | Found Kuttis's Antique Armour Shop.
  4703 | D:8      | Reached skill level 11 in Axes
  5663 | D:3      | Fell from the grace of Gozag
  5663 | D:3      | Became a worshipper of Trog the Wrathful
  6232 | D:9      | Noticed a two-headed ogre
  6238 | D:9      | Killed a two-headed ogre
  6248 | D:9      | Reached XP level 10. HP: 83/86 MP: 9/9
  6475 | D:9      | Reached skill level 12 in Axes
  6529 | D:9      | Noticed Pikel
  6536 | D:9      | Killed Pikel
  6639 | D:9      | Reached skill level 13 in Axes
  6865 | D:9      | Was forgiven by Gozag
  7371 | D:10     | Entered Level 10 of the Dungeon
  7430 | D:10     | Reached XP level 11. HP: 91/95 MP: 10/10
  7554 | D:10     | Noticed a two-headed ogre
  7561 | D:10     | Killed a two-headed ogre
  7942 | D:10     | Reached skill level 10 in Shields
  8041 | D:10     | Found a portal to a secret trove of treasure.
  8121 | D:10     | Found a staircase to the Lair.
  8300 | Lair:1   | Entered Level 1 of the Lair of Beasts
  8300 | Lair:1   | Noticed a boulder beetle
  8315 | Lair:1   | Killed a boulder beetle
  8316 | Lair:1   | Reached skill level 14 in Axes
  8411 | Lair:1   | Reached ** piety under Trog
  8439 | Lair:1   | Noticed Sundig's ghost (journeyman DgFi)
  8446 | Lair:1   | Found a transporter.
  8450 | Lair:1   | Found a transporter.
  8533 | Lair:1   | Noticed an oklob plant
  8582 | Lair:1   | Noticed a catoblepas
  8614 | Lair:1   | Killed a catoblepas
  8713 | Lair:1   | Killed Sundig's ghost
  9070 | Lair:1   | Found a dark tunnel.
  9448 | Lair:2   | Reached skill level 15 in Axes
  9450 | Lair:2   | Reached skill level 5 in Dodging
  9526 | Lair:2   | Found a staircase to the Swamp.
  9570 | Lair:2   | Reached skill level 10 in Fighting
  9597 | Lair:2   | Reached XP level 12. HP: 106/106 MP: 11/11
  9728 | Lair:2   | Reached *** piety under Trog
  9945 | Lair:2   | Found a staircase to the Snake Pit.
 10244 | Snake:1  | Entered Level 1 of the Snake Pit
 10256 | Snake:1  | Reached skill level 10 in Armour
 10275 | Snake:1  | Noticed an anaconda
 10297 | Snake:1  | Killed an anaconda
 10377 | Snake:1  | Noticed a naga warrior
 10379 | Snake:1  | Noticed a naga warrior
 10471 | Lair:3   | Noticed a boulder beetle
 10482 | Lair:3   | Killed a boulder beetle
 10497 | Lair:3   | Reached skill level 16 in Axes
 11317 | Lair:4   | Noticed a death yak
 11317 | Lair:4   | Noticed a death yak
 11318 | Lair:4   | Noticed a death yak
 11318 | Lair:4   | Noticed a death yak
 11330 | Lair:4   | Killed a death yak
 11333 | Lair:4   | Killed a death yak
 11334 | Lair:4   | Reached XP level 13. HP: 105/116 MP: 12/12
 11334 | Lair:4   | Reached **** piety under Trog
 11418 | Lair:4   | Identified the +1 dagger of Zuyrikk {venom, rElec rN+ Will+
                  | Stlth-}
 11491 | Lair:4   | Noticed Urug
 11501 | Lair:4   | Killed Urug
 12110 | Lair:4   | Found a staircase to the Slime Pits.
 12110 | Lair:4   | Found a viscous altar of Jiyva.
 12290 | Lair:5   | Entered Level 5 of the Lair of Beasts
 12323 | Lair:5   | Reached skill level 17 in Axes
 12863 | Lair:5   | Reached ***** piety under Trog
 13202 | Lair:5   | Reached XP level 14. HP: 126/129 MP: 13/13
 13746 | Lair:5   | Upgraded the game from 0.31-a0-728-g01b46875f1 to
                  | 0.31-a0-740-g87205ac768
 14163 | Slime:1  | Entered Level 1 of the Pits of Slime
 14163 | Slime:1  | Noticed an acid blob
 14163 | Slime:1  | Noticed an acid blob
 14171 | Slime:1  | Killed an acid blob
 14179 | Slime:1  | Killed an acid blob
 14501 | Slime:2  | Noticed an azure jelly
 14505 | Slime:2  | Noticed a quicksilver ooze
 14505 | Slime:2  | Noticed an azure jelly
 14506 | Slime:2  | Noticed a quicksilver ooze
 14517 | Slime:1  | Noticed a rockslime
 14520 | Slime:1  | Annihilated by a rockslime

Illustrated notes

Levels and vault maps discovered:
D:1:      ncdulo_halloftheorcs, layout_basic
D:2:      layout_rooms, uniq_natasha
D:3:      layout_rooms, mainiacjoe_overflow_tiny_flanked,
          mainiacjoe_overflow_alcove_1,
          dreamdust_ecumenical_altar_drowned_temple
D:4:      layout_rooms, uniq_grinder
D:5:      layout_gridville, overflow_temple_1_default, serial_shops, shop,
          st_stairs_9
D:6:      layout_rooms, temple_hall, uniq_crazy_yiuf_cottage
D:7:      layout_gridville, grunt_temple_overflow_open, serial_shops,
          nicolae_shop_trees, nicolae_shop_peninsula, shop, minivault_14
D:8:      layout_basic, chequers_serial_rivers_small_3
D:9:      layout_grid_maze, hive_lemuel, uniq_pikel
D:10:     layout_roguey, lair_entry_dummy, enter_trove_6
Temple:   nicolae_temple_bog_church
Lair:1:   minmay_lair_oklob_tunnel, layout_gridlike,
          lightli_volcano_entry_magma_tube, gammafunk_ghost_hive,
          chequers_serial_rivers_micro_a
Lair:2:   layout_layer_cave, swamp_mist_pool, nicolae_snake_entry_warm_welcome,
          serial_bayou_shore_a, grunt_megastairs_4, lemuel_fruit_tree
Lair:3:   layout_concentric_octagons, grunt_megastairs_2
Lair:4:   layout_cave_pods, slime_entry_1, uniq_urug
Lair:5:   gammafunk_lair_ancient_temple, layout_cave_pods,
          nicolae_lair_grazing_beasts [nicolae_sub_lair_graze_edge,
          nicolae_sub_lair_graze_edge, nicolae_sub_lair_graze_edge,
          nicolae_sub_lair_graze_edge]
Snake:1:  layout_rooms, uniq_louise
Slime:1:  layout_caves
Slime:2:  layout_caves

Skill      XL: |  1  2  3  4  5  6  7  8  9 10 11 12 13 |
---------------+----------------------------------------+-----
Shields        | 4 5 7 8 9 11 12 14 | 14.4
Armour         | 4 5 7 8 9 11 12 | 12.4
Fighting       | 4 5 6 7 8 10 11 13 | 13.7
Axes           | 3 4 5 6 7 10 11 13 15 16 17 | 17.7
Dodging        | 1 2 3 4 5 6 |  6.5
Stealth        | 1 2 |  2.7
Throwing       | 1 2 |  2.2
Evocations     | |  0.9

Action                     |  1- 3 |  4- 6 |  7- 9 | 10-12 | 13-15 || total
---------------------------+-------+-------+-------+-------+-------++-------
  Melee: War axe           |    70 |    96 |   187 |   369 |   332 ||  1054
         Headbutt          |     6 |    13 |    35 |    91 |    86 ||   231
  Throw: Dart              |       |     5 |     4 |     6 |     1 ||    16
  Evoke: Lightning rod     |       |       |       |     1 |     4 ||     5
         Wand              |       |       |       |       |     1 ||     1
    Use: Scroll            |     6 |     2 |    12 |     9 |     6 ||    35
         Potion            |       |       |       |     4 |     5 ||     9
   Stab: Distracted        |       |       |     1 |       |       ||     1
 Armour: Scale mail        |    57 |    45 |       |       |       ||   102
         Ring mail         |       |    16 |       |       |       ||    16
         Chain mail        |       |    16 |   136 |   282 |   325 ||   759
  Dodge: Dodged            |    35 |    46 |    61 |   109 |   130 ||   381
  Block: Buckler           |    31 |    37 |   139 |   226 |   212 ||   645
         Reflection        |       |       |     5 |    14 |     4 ||    23

Table legend: (Time is in decaauts)
 A = Elapsed time spent in this place.
 B = Non-inter-level travel time spent in this place.
 C = Inter-level travel time spent in this place.
 D = Time resting spent in this place.
 E = Time spent auto-exploring this place.
 F = Levels seen in this place.
 G = Mean time per level.
                   A        B        C        D        E       F      G
               +--------+--------+--------+--------+--------+-----+--------+
         Total |  14573 |  14573 |      0 |   1153 |   5703 |  19 |  767.0 |
       Dungeon |   8203 |   8203 |      0 |    597 |   3229 |  10 |  820.3 |
        Temple |    187 |    187 |      0 |      0 |      0 |   1 |  187.0 |
          Lair |   5676 |   5676 |      0 |    461 |   2390 |   5 | 1135.2 |
     Snake Pit |    162 |    162 |      0 |     51 |      0 |   1 |  162.0 |
    Slime Pits |    344 |    344 |      0 |     44 |     84 |   2 |  172.0 |
               +--------+--------+--------+--------+--------+-----+--------+

Top non-repeatable levels by time:
  Lair:5: 1765 daAuts
  Lair:4: 1225 daAuts
     D:9: 1157 daAuts
  Lair:1: 1133 daAuts
     D:5: 1105 daAuts
    D:10: 922 daAuts
     D:3: 900 daAuts
  Lair:2: 864 daAuts
     D:6: 847 daAuts
     D:8: 839 daAuts
  Lair:3: 687 daAuts
     D:1: 640 daAuts
     D:2: 618 daAuts
     D:4: 615 daAuts
     D:7: 556 daAuts
